 Dungeon Crawl Stone Soup version 0.18.1-50-g88ac8fd (console) character file.

5389 Kloppie the Spear-Bearer (level 10, -9/77 HPs)
             Began as a Merfolk Berserker on Oct 5, 2016.
             Was an Elder of Trog.
             Mangled by Urug
             ... wielding a cursed +0 dire flail
              (26 damage)
             ... on level 10 of the Dungeon.
             The game lasted 00:12:17 (6561 turns).

Kloppie the Spear-Bearer (Merfolk Berserker)        Turns: 6561, Time: 00:12:17

Health: -9/77      AC:  6    Str: 17    XL:     10   Next: 66%
Magic:  10/10      EV: 14    Int:  6    God:    Trog [****..]
Gold:   314        SH: 13    Dex: 22    Spells: 0 memorised, 9 levels left

rFire  + . .     SeeInvis .     a - +0 trident
rCold  . . .     Gourm    .     N - +2 leather armour {rF+}
rNeg   . . .     Faith    .     r - +1 shield
rPois  .         Spirit   .     (no helmet)
rElec  .         Dismiss  .     L - +0 cloak {MR+}
rCorr  .         Reflect  .     (no gloves)
SustAt .         Harm     .     (no boots)
MR     +++..                    (no amulet)
Stlth  ++........               (no ring)
                                m - +4 ring of dexterity

@: exhausted, regenerating, slowed, very slow, extremely resistant to hostile
enchantments, unstealthy
A: change form in water, swift swim
a: Berserk, Trog's Hand, Brothers in Arms, Burn Spellbooks, Renounce Religion


You were on level 10 of the Dungeon.
You worshipped Trog.
Trog was greatly pleased with you.
You were not hungry.

You visited 1 branch of the dungeon, and saw 10 of its levels.

You collected 314 gold pieces.

Inventory:

Hand Weapons
 a - a +0 trident (weapon)
 q - a +0 spear
Armour
 r - a +1 shield (worn)
 L - a +0 cloak of magic resistance (worn)
 N - a +2 leather armour of fire resistance (worn)
Jewellery
 m - a +4 ring of dexterity (left hand)
Wands
 b - a wand of lightning (6/15)
 h - a wand of iceblast (2/15)
 y - a wand of teleportation (3/9)
 E - a wand of random effects (18/48)
 J - a wand of random effects (18/48)
 M - a wand of confusion (33/48)
 Q - a wand of lightning (7/15)
Scrolls
 d - 8 scrolls of identify
 g - a scroll of enchant armour
 i - 2 scrolls of fear
 p - 2 scrolls of noise
 t - a scroll of magic mapping
 w - 4 scrolls of remove curse
 x - 2 scrolls of amnesia {unknown}
 C - 2 scrolls of teleportation {unknown}
 F - a scroll of fog {unknown}
 I - a scroll of random uselessness {unknown}
Potions
 e - 4 potions of curing
 f - 2 potions of lignification {unknown}
 j - 3 potions of flight {unknown}
 l - 3 potions of might {unknown}
 n - 6 potions of degeneration {unknown}
 o - a potion of cancellation {unknown}
 s - 3 potions of heal wounds {unknown}
 v - a potion of berserk rage {unknown}
 z - a potion of agility {unknown}
 B - a potion of resistance {unknown}
 D - 2 potions of brilliance {unknown}
 G - a potion of beneficial mutation {unknown}
Books
 k - a book of Alchemy

   Spells                             Type                      Level
   a - Sublimation of Blood           Necromancy                   2
   b - Ignite Poison                  Fire/Transmutation/Poison    3
   c - Petrify                        Transmutation/Earth          4
   d - Alistair's Intoxication        Transmutation/Poison         5
   e - Irradiate                      Conjuration/Transmutation    5
   Trog disapproves of the use of such an item.
 A - a book of the Tempests

   Spells                             Type                      Level
   a - Static Discharge               Conjuration/Air              3
   b - Lightning Bolt                 Conjuration/Air              5
   c - Fireball                       Conjuration/Fire             5
   d - Tornado                        Air                          9
   e - Shatter                        Earth                        9
   Trog disapproves of the use of such an item.
 H - a book of Party Tricks

   Spells                             Type                      Level
   a - Summon Butterflies             Summoning                    1
   b - Apportation                    Translocation                1
   c - Tukima's Dance                 Hexes                        3
   d - Alistair's Intoxication        Transmutation/Poison         5
   e - Invisibility                   Hexes                        6
   Trog disapproves of the use of such an item.
 K - a book of Flames

   Spells                             Type                      Level
   a - Flame Tongue                   Conjuration/Fire             1
   b - Throw Flame                    Conjuration/Fire             2
   c - Conjure Flame                  Conjuration/Fire             3
   d - Inner Flame                    Hexes/Fire                   3
   e - Sticky Flame                   Conjuration/Fire             4
   f - Fireball                       Conjuration/Fire             5
   Trog disapproves of the use of such an item.
Comestibles
 c - 7 bread rations
 u - a royal jelly
 O - 2 chunks of flesh
 P - a meat ration


   Skills:
 - Level 6.8 Fighting
 + Level 14.4 Polearms
 - Level 1.3 Armour
 - Level 4.2 Dodging
 + Level 10.0 Shields


You had 9 spell levels left.
You didn't know any spells.

Dungeon Overview and Level Annotations

Branches:
Dungeon (11/15)            Temple (0/1) D:4
   Lair: D:8-11         Orc: D:9-12

Altars:
Elyvilon
Fedhas
Makhleb
Nemelex Xobeh
Ru
Yredelemnul

Shops:
D:4 %   D:10 =

Annotations:
D:10 Urug


Message History

Trog accepts your kill.
A hound comes into view.
The hound barks!
You see here an iguana corpse.
You feel a strong urge to attack something.
You are no longer berserk.
You are exhausted.
You feel yourself slow down.
Urug throws a javelin of penetration.
The javelin of penetration pierces through you.
* * * LOW HITPOINT WARNING * * *
Urug throws a javelin of penetration.
The javelin of penetration barely misses you.
You block the hound's attack. You block Urug's attack.
The hound bites you but does no damage.
You see here 24 stones.
You hit Urug.
Urug is lightly wounded.
You feel the effects of Trog's Hand fading.
The hound misses you. Urug hits you with a dire flail!!
You die...

#... ##........... #..#
##...∩..>.....
#.#####........>....
#..##.....#......... #
#........#.8..##.... ...
###.......##...## #...
.....####(.......##...##
..#
....%...()......##....#
##
.......##(...@o.##...##
..##### ##..h........#
#...........#
##.....###... #.†...# #.
#.....## #.....#
#......% #......#.


You could see Urug and a hound.

Vanquished Creatures
  The ghost of veneficus the Fighter, a novice MiBe of Trog (D:7)
  Pikel (D:4)
  Joseph (D:7)
  A komodo dragon (D:6)
  A spriggan (D:8)
  Eustachio (D:4)
  2 hungry ghosts
  3 wargs (D:10)
  A water moccasin (D:10)
  An orc warrior (D:6)
  A black bear (D:7)
  4 ogres
  A phantom (D:3)
  3 centaurs
  A big kobold (D:8)
  Blork the orc (D:4)
  6 giant frogs
  A gnoll sergeant (D:5)
  5 scorpions
  A howler monkey (D:5)
  A crimson imp (D:5)
  A quasit (D:5)
  2 jellies (D:7)
  5 orc priests
  4 orc wizards
  2 centaur skeletons
  3 hounds
  4 iguanas
  Ijyb (D:2)
  Natasha (D:4)
  5 worker ants
  A hound skeleton (D:7)
  A howler monkey skeleton (D:5)
  8 adders
  3 gnolls
  A shadow imp (D:6)
  An ooze (D:1)
  2 adder skeletons
  A worm (D:3)
  2 dart slugs (D:1)
  5 giant geckos
  22 orcs
  8 giant cockroaches
  6 goblins
  10 hobgoblins
  14 jackals
  3 quokkas
  A ball python (D:1)
  5 bats
  10 giant newts
  19 kobolds
  4 rats
193 creatures vanquished.

Vanquished Creatures (others)
  An orc priest (D:10)
  Natasha (twice) (D:4)
  A worker ant (D:4)
  An adder (D:4)
  A hobgoblin (D:4)
  A quokka (D:4)
7 creatures vanquished.

Grand Total: 200 creatures vanquished

Notes
Turn   | Place    | Note
--------------------------------------------------------------
     0 | D:1      | Kloppie the Merfolk Berserker began the quest for the Orb.
     0 | D:1      | Reached XP level 1. HP: 18/18 MP: 1/1
   120 | D:1      | Reached XP level 2. HP: 22/24 MP: 2/2
   369 | D:1      | Reached XP level 3. HP: 30/30 MP: 3/3
   412 | D:1      | Reached ** piety under Trog
   841 | D:1      | Reached skill level 5 in Polearms
  1044 | D:2      | Found a basalt altar of Yredelemnul.
  1243 | D:2      | Noticed Ijyb
  1252 | D:2      | Killed Ijyb
  1252 | D:2      | Reached XP level 4. HP: 37/37 MP: 4/4
  1359 | D:2      | Found a sacrificial altar of Ru.
  1378 | D:2      | Reached skill level 1 in Shields
  1412 | D:2      | Reached XP level 5. HP: 31/43 MP: 5/5
  1898 | D:3      | Reached *** piety under Trog
  2093 | D:3      | Noticed a phantom
  2109 | D:3      | Killed a phantom
  2109 | D:3      | Reached skill level 6 in Polearms
  2109 | D:3      | Reached XP level 6. HP: 50/50 MP: 6/6
  2134 | D:3      | Reached skill level 5 in Fighting
  2292 | D:3      | Found a sparkling altar of Nemelex Xobeh.
  2427 | D:4      | Noticed Eustachio
  2439 | D:4      | Killed Eustachio
  2439 | D:4      | Reached skill level 7 in Polearms
  2439 | D:4      | Reached XP level 7. HP: 41/56 MP: 7/7
  2669 | D:4      | Noticed Pikel
  2671 | D:4      | Noticed Natasha
  2685 | D:4      | Killed Pikel
  2685 | D:4      | Reached skill level 8 in Polearms
  2685 | D:4      | Reached XP level 8. HP: 11/65 MP: 8/8
  2689 | D:4      | Killed Natasha
  2824 | D:4      | Killed Natasha
  2843 | D:4      | Noticed Natasha
  2847 | D:4      | Killed Natasha
  2880 | D:4      | Noticed Blork the orc
  2891 | D:4      | Killed Blork the orc
  3029 | D:4      | Reached **** piety under Trog
  3378 | D:4      | Found a burning altar of Makhleb.
  3485 | D:4      | Found Tenou's Food Emporium.
  3522 | D:4      | Found a staircase to the Ecumenical Temple.
  3568 | D:5      | Entered Level 5 of the Dungeon
  3611 | D:5      | Reached skill level 5 in Shields
  3656 | D:5      | Reached skill level 9 in Polearms
  3844 | D:5      | Found a blossoming altar of Fedhas.
  4285 | D:6      | Noticed a komodo dragon
  4303 | D:6      | Killed a komodo dragon
  4303 | D:6      | Reached skill level 10 in Polearms
  4303 | D:6      | Reached XP level 9. HP: 66/71 MP: 9/9
  4599 | D:6      | Reached skill level 11 in Polearms
  4606 | D:6      | Received a gift from Trog
  4987 | D:6      | HP: 3/71 [poisoned by an orc]
  4994 | D:6      | HP: 3/71 [poisoned by an orc]
  5002 | D:6      | HP: 3/71 [poisoned by an orc]
  5326 | D:7      | Reached skill level 12 in Polearms
  5573 | D:7      | Noticed veneficus's ghost (novice MiBe)
  5602 | D:7      | Killed veneficus's ghost
  5602 | D:7      | Reached skill level 13 in Polearms
  5602 | D:7      | Reached XP level 10. HP: 77/77 MP: 10/10
  5733 | D:7      | Noticed Joseph
  5749 | D:7      | Killed Joseph
  5959 | D:8      | Found a basalt altar of Yredelemnul.
  6154 | D:8      | Found a white marble altar of Elyvilon.
  6300 | D:8      | Received a gift from Trog
  6304 | D:8      | Reached skill level 14 in Polearms
  6454 | D:8      | You fall through a shaft for 3 floors!
  6462 | D:10     | Entered Level 10 of the Dungeon
  6462 | D:10     | Found Newurext's Jewellery Emporium.
  6544 | D:10     | Reached skill level 10 in Shields
  6553 | D:10     | Noticed Urug
  6561 | D:10     | Mangled by Urug

Skill      XL: |  1  2  3  4  5  6  7  8  9 10 |
---------------+-------------------------------+-----
Dodging        | 3 4 |  4.2
Polearms       | 5 6 7 8 10 13 14 | 14.4
Fighting       | 4 5 6 |  6.8
Shields        | 1 2 3 4 6 8 10 | 10.0
Armour         | |  1.3

Action                   |  1- 3 |  4- 6 |  7- 9 | 10-12 || total
-------------------------+-------+-------+-------+-------++-------
Melee: Spear             |   134 |       |       |       ||   134
       Trident           |       |   179 |   406 |   198 ||   783
Invok: Berserk           |     1 |     1 |     5 |     2 ||     9
       Trog's Hand       |       |       |     3 |     2 ||     5
  Use: Scroll            |       |       |     7 |       ||     7
 Stab: Sleeping          |     4 |     4 |     1 |     2 ||    11
  Eat: Chunk             |     1 |     5 |    15 |     5 ||    26
       Pizza             |       |       |     1 |       ||     1
       Meat ration       |       |       |       |     1 ||     1
       Bread ration      |       |       |       |     1 ||     1
Armor: Animal skin       |    19 |    12 |       |       ||    31
       Ring mail         |       |    23 |    45 |       ||    68
       Leather armour    |       |       |    12 |    25 ||    37
Dodge: Dodged            |    58 |    75 |   141 |    65 ||   339
Block: Shield            |       |    70 |   161 |    99 ||   330
